 Dungeon Sprint DCSS version 0.28-a0-1080-g05a166d0ed (webtiles) character file.

Game seed: 8320674127949933185

101 DarkBird the Ruffian (level 4, -1/35 HPs)
             Began as a Draconian Transmuter on Dec 9, 2021.
             Slain by a phantom (4 damage)
             ... in the Dungeon (Sprint IX: "|||||||||||||||||||||||||||||").
             The game lasted 00:00:49 (57 turns).

DarkBird the Ruffian (Draconian Transmuter)           Turns: 57, Time: 00:00:50

Health: -1/35      AC:  5    Str: 14    XL:     4   Next: 48%
Magic:  6/10       EV: 13    Int: 14    God:
Gold:   0          SH:  0    Dex: 11    Spells: 10/11 levels left

rFire   . . .      SeeInvis .     - Unarmed
rCold   . . .      Faith    .   (no shield)
rNeg    . . .      Spirit   .   (armour unavailable)
rPois   .          Reflect  .   (helmet restricted)
rElec   .          Harm     .   (no cloak)
rCorr   .          Rampage  .   (no gloves)
Will    .....      NoTele   +   (no boots)
Stlth   +.........              (no amulet)
HPRegen 0.11/turn               (no ring)
MPRegen 0.12/turn               (no ring)

@: hasted, very quick
A: AC +5, unfitting armour, cold-blooded
a: no special abilities


You were in the Dungeon.
You visited 1 branch

Inventory:

Scrolls
 f - a scroll of blinking
Potions
 d - a potion of magic
 e - a potion of berserk rage


   Skills:
 + Level 1.2 Fighting
 + Level 3.8 Dodging
 + Level 0.3 Stealth
 + Level 6.9 Unarmed Combat
 + Level 4.1 Spellcasting
 + Level 3.5 Transmutations


You had 10 spell levels left.
You knew the following spells:

 Your Spells              Type           Power      Damage    Failure   Level
a - Beastly Appendage     Tmut           24%        N/A       4%          1

Your spell library contained the following spells:

 Spells                   Type           Power      Damage    Failure   Level
 Wereblood                Tmut           12%        N/A       7%          2
 Spider Form              Tmut/Pois      7%         N/A       28%         3
 Ice Form                 Ice/Tmut       7%         N/A       67%         4


Dungeon Overview and Level Annotations

Branches:
Dungeon (1/1)

Altars:


Innate Abilities, Weirdness & Mutations

Your plain brown scales are hard. (AC +5)
You cannot fit into any form of body armour.
You are cold-blooded and may be slowed by cold attacks.


Message History

Your headbutt misses the phantom.
The phantom is lightly damaged.
You miss the phantom. Your kick misses the phantom.
The phantom is lightly damaged.
Your horns disappear.
Your talons disappear.
The phantom barely misses you.
You punch the phantom!
The phantom is moderately damaged.
You closely miss the phantom.
The phantom is moderately damaged.
The phantom hits you.
You barely miss the phantom.
The phantom is moderately damaged.
The phantom misses you.
You miss the phantom.
The phantom is moderately damaged.
You closely miss the phantom.
The phantom is moderately damaged.
The phantom hits you!
* * * LOW HITPOINT WARNING * * *
You barely miss the phantom.
The phantom is moderately damaged.
You closely miss the phantom.
Your tail-slap misses the phantom.
The phantom is moderately damaged.
The phantom closely misses you.
You closely miss the phantom.
The phantom is moderately damaged.
You miss the phantom.
The phantom is moderately damaged.
The phantom hits you but does no damage.
You barely miss the phantom.
The phantom is moderately damaged.
You hit the phantom but do no damage.
Your tail-slap misses the phantom.
The phantom is moderately damaged.
The phantom hits you.
* * * LOW HITPOINT WARNING * * *
You barely miss the phantom.
The phantom is moderately damaged.
The phantom hits you.
You die...

▓.▓
▓.▓
▓)▓
▓.▓
▓)▓
▓.▓
▓.▓
▓.▓
▓@▓
▓W▓
▓Z▓
▓.▓
▓.▓
▓.▓
▓+▓


You could see a phantom and a bat skeleton.

Vanquished Creatures
  A necrophage (D)
  A shadow imp (D)
  A dart slug (D)
  An orc (D)
  2 goblins (D)
  A quokka (D)
  A rat (D)
8 creatures vanquished.

Notes
Turn   | Place    | Note
-------+----------+-------------------------------------------
     0 | D        | DarkBird the Draconian Transmuter began the quest for the
                  | Orb.
     0 | D        | Reached XP level 1. HP: 16/16 MP: 3/3
    19 | D        | Noticed a necrophage
    19 | D        | Noticed a phantom
    28 | D        | Reached skill level 4 in Unarmed Combat
    28 | D        | Reached XP level 2. HP: 16/23 MP: 3/5
    38 | D        | Killed a necrophage
    39 | D        | Reached skill level 6 in Unarmed Combat
    39 | D        | Reached XP level 3. HP: 8/28 MP: 4/8
    39 | D        | Reached XP level 4. HP: 10/35 MP: 5/10
    57 | D        | Slain by a phantom

Illustrated notes

Levels and vault maps discovered:
D:        linesprint [early_d, line_temple, items_1, d_10, items_2, lair_1,
          lair_end, items_3, orc_1, orc_end, items_4, d_15, swamp_1, shoals_1,
          snake_1, spider_1, d_20, vaults_1, items_5, swamp_end, shoals_end,
          snake_end, spider_end, vaults_end, d_27, items_6, zot_1, zot_end,
          crypt_end, forest_end, elf_end, slime_end, tomb_end, abyss_end,
          pan_hell_end]

Skill      XL: |  1  2 |
---------------+-------+-----
Dodging        | 2 3 |  3.8
Unarmed Combat | 4 6 |  6.9
Spellcasting   | 4 |  4.1
Transmutations | 3 |  3.5
Fighting       | |  1.2
Stealth        | |  0.3

Action                   |  1- 3 |  4- 6 || total
-------------------------+-------+-------++-------
Melee: Unarmed           |    22 |    17 ||    39
       Kick              |     8 |     3 ||    11
       Headbutt          |     5 |     1 ||     6
       Tailslap          |     1 |       ||     1
       Punch             |     1 |       ||     1
 Cast: Beastly Appendage |     3 |       ||     3
  Use: Potion            |     3 |     1 ||     4
Armor: Skin              |       |     2 ||     2
Dodge: Dodged            |    10 |     5 ||    15

Table legend: (Time is in decaauts)
 A = Elapsed time spent in this place.
 B = Non-inter-level travel time spent in this place.
 C = Inter-level travel time spent in this place.
 D = Time resting spent in this place.
 E = Time spent auto-exploring this place.
 F = Levels seen in this place.
 G = Mean time per level.
                   A        B        C        D        E       F      G
               +--------+--------+--------+--------+--------+-----+--------+
         Total |     43 |     43 |      0 |      0 |      0 |   1 |   43.0 |
       Dungeon |     43 |     43 |      0 |      0 |      0 |   1 |   43.0 |
               +--------+--------+--------+--------+--------+-----+--------+

Top non-repeatable levels by time:
       D: 43 daAuts
